 Dungeon Crawl Stone Soup version 0.32-a0-931-g5a2cda0630 (webtiles) character file.

Game seed: 1750973464162605776

1019 GiantSquids the Covert (level 8, 0/72 HPs)
             Began as an Octopode Shapeshifter on Apr 13, 2024.
             Succumbed to a killer bee's poison
             ... on level 5 of the Dungeon.
             The game lasted 00:05:37 (3174 turns).

GiantSquids the Covert (Octopode Shapeshifter)      Turns: 3174, Time: 00:05:37

Health: 0/72       AC: 31    Str: 15    XL:     8   Next: 22%
Magic:  3/8        EV:  2    Int: 13    God:
Gold:   191        SH:  0    Dex: 11    Spells: 7/7 levels left

rFire   . . .        m - +2 dagger (protect)
rCold   . . .        (no shield)
rNeg    . . .        (helmet currently unavailable)
rPois   +            p - amulet of guardian spirit
rElec   .            (no ring)
rCorr   .            (no ring)
SInv    .            (no ring)
Will    .....        (no ring)
Stlth   ++++         (no ring)
HPRegen 0.32/turn    (no ring)
MPRegen 0.11/turn    (no ring)
                     (no ring)

%: guardian spirit
@: lethally poisoned (0 -> -10), tree-form, under a protective aura
A: stationary, stasis, torment immunity, boosted hp, almost no armour,
(amphibious), 8 rings, (camouflage 1), (gelatinous body 1), (nimble swimmer 1),
(tentacles)
a: no special abilities


You were on level 5 of the Dungeon.
You were a tree.
You visited 1 branch of the dungeon, and saw 5 of its levels.

You collected 191 gold pieces.

Inventory:

Hand Weapons
 m - a +2 dagger of protection (weapon)
Missiles
 d - 38 stones (quivered)
 g - 3 javelins
Jewellery
 o - a +6 ring of intelligence
 p - an amulet of guardian spirit (around neck)
 v - a +6 ring of intelligence
Talismans
 b - a beast talisman (active)
 c - a flux talisman
Wands
 u - a wand of iceblast (9)
 y - a wand of flame (16)
Scrolls
 i - a scroll of fear {unknown}
 k - 3 scrolls of immolation
 q - a scroll of revelation {unknown}
 r - a scroll of noise {unknown}
 t - a scroll of poison {unknown}
 w - a scroll of teleportation {unknown}
Potions
 a - 2 potions of lignification
 e - a potion of haste {unknown}
 f - a potion of enlightenment {unknown}
 h - a potion of heal wounds {unknown}
 j - a potion of resistance
 l - a potion of mutation {unknown}
 n - a potion of curing {unknown}
 s - a potion of cancellation {unknown}
 x - a potion of berserk rage {unknown}


   Skills:
 - Level 1.0 Fighting
 - Level 2.0 Dodging
 + Level 8.5 Stealth
 - Level 4.6 Unarmed Combat
 + Level 6.3 Shapeshifting


You had 7 spell levels left.
You didn't know any spells.
Your spell library was empty.

Dungeon Overview and Level Annotations

Branches:
Dungeon (5/15)
 Temple: D:4-7

Altars:

Annotations:
D:5 1 transporter


Innate Abilities, Weirdness & Mutations

You are a tree.
Your roots penetrate the ground, keeping you stationary.
You cannot be teleported.
You are immune to unholy pain and torment.
Your maximum health is greatly increased.
You cannot wear most types of armour.
((You are amphibious.))
You can wear up to eight rings at the same time.
((Your skin changes colour to match your surroundings (Stealth+).))
((Your rubbery body absorbs attacks. (AC +1, EV +1)))
((You are camouflaged when in or above water. (Stealth+)))
((You have tentacles for arms and can constrict up to eight enemies at once.))


Message History

You hit the killer bee. Your grab misses the killer bee.
The killer bee is lightly wounded.
You feel sick. The killer bee barely misses you.
The killer bee closely misses you.
You barely miss the killer bee. You grab the killer bee.
The killer bee is lightly wounded.
You constrict the killer bee.
You feel sick. The killer bee closely misses you.
The killer bee stings you but does no damage.
You hit the killer bee. You squeeze the killer bee.
You kill the killer bee!
You feel sick. The killer bee closely misses you.
You miss the killer bee. You grab the killer bee.
Your squeeze misses the killer bee. You constrict the killer bee.
You feel sick. The killer bee stings you.
* * * LOW HITPOINT WARNING * * *
You are more poisoned.
The killer bee poisons you! The killer bee stings you.
You hit the killer bee but do no damage.
The killer bee is moderately wounded.
You constrict the killer bee!
You feel sick.
The killer bee stings you but does no damage.
The killer bee stings you.
* * * LOW HITPOINT WARNING * * *
You are lethally poisoned!
The killer bee poisons you!
You closely miss the killer bee. Your squeeze misses the killer bee.
The killer bee is almost dead.
You constrict the killer bee.
You kill the killer bee!
* * * LOW HITPOINT WARNING * * *
You feel very sick. The hound bites you but does no damage.
You barely miss the hound. Your grab misses the hound. You squeeze the hound.
The hound is moderately wounded.
* * * LOW HITPOINT WARNING * * *
You feel very sick. The hound barely misses you.
Your transformation has ended.
You turn into a tree.
Your roots penetrate the ground.
You die...

# # #y .#. #. ...#. #.# #.#.
#.#.# ... #.#.# ##.#.###.#.#
#.h...h#.#.# #..#.#h#.#.# #
#.#♣#.#.# #.#.#.#.######
#.#..........#
#####.###..#####.#
#.......#.....###.#<#
#..#.#..#.####....#.#
#...!...#.##...##.#..
#..#©#..#.#..####.##############
#○.....○#.#.#####..............#


You could see a black bear and a hound.

Vanquished Creatures
  Eustachio (D:5)
  A phantom (D:4)
  5 wights (D:4)
  3 killer bees (D:5)
  An orc priest (D:3)
  A bombardier beetle (D:4)
  A hound (D:4)
  A sleepcap (D:4)
  An orc wizard (D:3)
  Terence (D:2)
  An iguana (D:5)
  Natasha (twice) (D:2)
  5 adders
  2 ufetubi (D:5)
  A ribbon worm (D:2)
  13 orcs
  13 ball pythons
  3 endoplasms
  3 giant cockroaches
  4 goblins (D:1)
  7 hobgoblins
  6 jackals
  8 kobolds
  4 quokkas
  8 bats
  8 rats
104 creatures vanquished.

Notes
Turn   | Place    | Note
-------+----------+-------------------------------------------
     0 | D:1      | GiantSquids the Octopode Shapeshifter began the quest for
                  | the Orb.
     0 | D:1      | Reached XP level 1. HP: 13/13 MP: 1/1
   116 | D:1      | Reached XP level 2. HP: 15/18 MP: 2/2
   422 | D:1      | Reached XP level 3. HP: 20/23 MP: 3/3
   579 | D:1      | Found a faded altar of an unknown god.
  1166 | D:2      | Reached XP level 4. HP: 28/28 MP: 4/4
  1222 | D:2      | Noticed Terence
  1233 | D:2      | Killed Terence
  1234 | D:2      | Reached skill level 1 in Stealth
  1236 | D:2      | Reached skill level 2 in Stealth
  1296 | D:2      | Noticed Natasha
  1303 | D:2      | Killed Natasha
  1304 | D:2      | Reached XP level 5. HP: 23/33 MP: 5/5
  1468 | D:2      | Noticed Natasha
  1484 | D:2      | Killed Natasha
  1485 | D:2      | Reached skill level 3 in Stealth
  1662 | D:3      | Reached skill level 4 in Stealth
  1662 | D:3      | Reached XP level 6. HP: 17/38 MP: 6/6
  2318 | D:4      | Reached skill level 5 in Stealth
  2486 | D:4      | Reached skill level 6 in Stealth
  2486 | D:4      | Reached skill level 5 in Shapeshifting
  2486 | D:4      | Reached XP level 7. HP: 11/41 MP: 2/7
  2517 | D:4      | Reached skill level 7 in Stealth
  2958 | D:5      | Entered Level 5 of the Dungeon
  2977 | D:5      | Found a transporter.
  3028 | D:5      | Noticed Eustachio
  3038 | D:5      | Killed Eustachio
  3039 | D:5      | Reached XP level 8. HP: 41/48 MP: 5/8
  3041 | D:5      | Reached skill level 8 in Stealth
  3173 | D:5      | HP: 2/48 [poisoned by a killer bee]
  3174 | D:5      | Succumbed to a killer bee's poison

Illustrated notes

Levels and vault maps discovered:
D:1:      nicolae_arrival_somewhat_less_tricky_arrival, layout_basic,
          hellmonk_ecumenical_altar_blasted
D:2:      layout_loops_ring, uniq_natasha, uniq_terence
D:3:      layout_loops_ring
D:4:      layout_rooms
D:5:      gammafunk_cloud_chamber, layout_basic, nicolae_uskayaw_en_pointe,
          mainiacjoe_overflow_alcove_2, lightli_sewer_entry_pipes,
          feat_on_display, uniq_sigmund, uniq_eustachio

Skill      XL: |  1  2  3  4  5  6  7  8 |
---------------+-------------------------+-----
Unarmed Combat | 4 |  4.6
Stealth        | 2 4 6 7 8 |  8.5
Shapeshifting  | 4 5 6 |  6.3
Fighting       | |  1.0
Dodging        | |  2.0

Action                     |  1- 3 |  4- 6 |  7- 9 || total
---------------------------+-------+-------+-------++-------
  Melee: Unarmed           |    52 |       |       ||    52
         Constrict         |    21 |    20 |    16 ||    57
         Tentacles         |     9 |    14 |    18 ||    41
         Punch             |     1 |       |       ||     1
         Dagger            |    10 |    83 |    60 ||   153
    Use: Potion            |       |       |     1 ||     1
   Stab: Sleeping          |     3 |    12 |     1 ||    16
 Armour: Skin              |    21 |    35 |    32 ||    88
  Dodge: Dodged            |    33 |    31 |    41 ||   105

Table legend: (Time is in decaauts)
 A = Elapsed time spent in this place.
 B = Non-inter-level travel time spent in this place.
 C = Inter-level travel time spent in this place.
 D = Time resting spent in this place.
 E = Time spent auto-exploring this place.
 F = Levels seen in this place.
 G = Mean time per level.
                   A        B        C        D        E       F      G
               +--------+--------+--------+--------+--------+-----+--------+
         Total |   3168 |   3058 |    110 |      0 |   2391 |   5 |  633.6 |
       Dungeon |   3168 |   3058 |    110 |      0 |   2391 |   5 |  633.6 |
               +--------+--------+--------+--------+--------+-----+--------+

Top non-repeatable levels by time:
     D:1: 865 daAuts
     D:2: 715 daAuts
     D:4: 699 daAuts
     D:3: 671 daAuts
     D:5: 215 daAuts
